[Event "HSK IM Invitational 2022"]
[Site "Hamburg"]
[Date "2022.05.24"]
[Round "6.5"]
[White "Kopylov, Michael"]
[Black "Garner, Isaac"]
[Result "1/2-1/2"]
[ECO "E05"]
[WhiteElo "2378"]
[BlackElo "2240"]
[Annotator "TA"]
[PlyCount "59"]
[EventDate "2022.05.20"]
[EventType "tourn"]
[EventCountry "GER"]
[SourceTitle "playchess.com"]
[Source "ChessBase"]
[SourceQuality "1"]
[TimeControl "40/5400+30:1800+30"]

1. d4 Nf6 2. Nf3 d5 3. c4 e6 4. g3 Be7 5. Bg2 O-O 6. O-O dxc4 7. Qa4 a6 8. Qxc4 b5 9. Qc2 Bb7 10. Bf4 Nc6 11. Rd1 Nb4 12. Qc1 Rc8 13. Nc3 Nbd5 14. Be5 {[%emt 0:00:00] E05: Open Catalan: 5 Nf3 Be7.} (14. Be3 $5) 14... c5 15. dxc5 Bxc5 16. Bxf6 {[%emt 0:00:00] The position is equal.} Qxf6 17. Ne4 Qe7 {[%emt 0:00:06][%cal Oc5f2] [#] Threatens to win with ...Bxf2+!} 18. Nxc5 Rxc5 19. Qd2 Rfc8 20. Ne1 {[%emt 0:00:00] [#] Inhibits Rc2.} Qc7 $146 ({Predecessor:} 20... h6 21. Rac1 Rxc1 22. Rxc1 Rxc1 23. Qxc1 Nf6 24. Nd3 Bxg2 25. Kxg2 Qb7+ 26. f3 a5 {1-0 (45) Andersson,U (2575)-Georgiev,K (2535) Sarajevo 1985}) 21. a4 bxa4 22. Rxa4 h6 23. Bf3 Nb6 24. Bxb7 Qxb7 25. Rg4 {[%emt 0:00:00] Strongly threatening Qxh6.} h5 26. Rg5 Nc4 {[%emt 0:12:57] [#]} 27. Qd8+ Kh7 28. Rxc5 Rxc5 29. Qd3+ g6 30. Qd7 {[%emt 0:00:00] A balanced but interesting game.  Weighted Error Value: White=0.04 (flawless) /Black=0.03 (flawless)} 1/2-1/2

[Event "HSK IM Invitational 2022"]
[Site "Hamburg"]
[Date "2022.05.25"]
[Round "7.1"]
[White "Garner, Isaac"]
[Black "Clarke, Brandon G I"]
[Result "0-1"]
[ECO "A38"]
[WhiteElo "2240"]
[BlackElo "2445"]
[Annotator "TA"]
[PlyCount "58"]
[EventDate "2022.05.20"]
[EventType "tourn"]
[EventCountry "GER"]
[SourceTitle "playchess.com"]
[Source "ChessBase"]
[SourceQuality "1"]
[TimeControl "40/5400+30:1800+30"]

1. Nf3 c5 2. c4 Nf6 3. b3 g6 4. Bb2 Bg7 5. g3 O-O 6. Bg2 d6 7. O-O e5 8. d3 Nc6 9. Nc3 Nh5 10. e3 {[%emt 0:00:00] A38: Symmetrical English vs ...g6: 4 Bg2 Bg7 5 Nf3 Nf6.} f5 11. Nd2 Be6 12. Nd5 {[%emt 0:00:00] The position is equal.} Qd7 13. f4 Rae8 14. a3 Nf6 15. Qc2 Kh8 {[%emt 0:03:52] [#]} 16. Bc3 $146 ({Predecessor:} 16. Rae1 Bg8 17. Bc3 h6 18. Qb2 g5 19. b4 cxb4 20. axb4 Nxd5 21. cxd5 Ne7 22. fxg5 Nxd5 {0-1 (38) Bricard,E (2430)-D'Amore,C (2405) Manila 1992}) 16... Bg8 (16... Ng4 $5 ) 17. Qb2 Nxd5 (17... Ng4 {with more complications.} 18. Rae1 exf4 19. gxf4 Bxc3 20. Qxc3+ Qg7) 18. cxd5 Nd4 19. Nf3 $2 {[%emt 0:00:00] [#]} (19. exd4 $11 {and White has nothing to worry.} exd4 20. Bb4 (20. Ba5 b6 $15)) 19... Nb5 $19 20. fxe5 Nxc3 21. Qxc3 Bxd5 22. d4 (22. Rac1 $17) 22... Bxf3 23. Bxf3 cxd4 24. e6 dxc3 ({Inferior is} 24... Rxe6 25. exd4 d5 26. Rac1 $17) 25. exd7 Re7 ({Wrong is} 25... Rxe3 $2 26. Bxb7 Rd8 27. Bc6) 26. Bxb7 Rxd7 ({Worse is} 26... c2 27. Rac1 $15) 27. Bd5 Re7 28. Rae1 $2 {[%emt 0:00:00] [#]} (28. Rac1 {was called for.}) 28... Rfe8 29. e4 (29. b4 $142) 29... Bh6 {[%emt 0:01:59] Weighted Error Value: White=0.47/Black=0.10 (very precise)} 0-1

[Event "HSK IM Invitational 2022"]
[Site "Hamburg"]
[Date "2022.05.25"]
[Round "7.2"]
[White "Schulze, Lara"]
[Black "Kopylov, Michael"]
[Result "0-1"]
[ECO "B41"]
[WhiteElo "2303"]
[BlackElo "2378"]
[Annotator "TA"]
[PlyCount "90"]
[EventDate "2022.05.20"]
[EventType "tourn"]
[EventCountry "GER"]
[SourceTitle "playchess.com"]
[Source "ChessBase"]
[SourceQuality "1"]
[TimeControl "40/5400+30:1800+30"]

1. e4 c5 2. Nf3 a6 3. c4 b6 4. Nc3 Bb7 5. d4 cxd4 6. Nxd4 e6 7. Be2 Qc7 8. O-O Nf6 9. Qd3 d6 10. f4 Nbd7 11. b4 d5 {[%emt 0:20:28] B41: Sicilian: Kan Variation: 5 c4.} 12. exd5 Bxb4 {[%emt 0:00:47] [#]} 13. Bb2 $146 ({Predecessor:} 13. dxe6 Nc5 14. exf7+ Kxf7 15. Qh3 Bxc3 16. Qxc3 Rhe8 17. Bf3 Nce4 18. Qb4 Rad8 19. Be3 {½-½ (31) Muzychuk,M (2540)-Adhiban,B (2689) Caleta 2019}) 13... Nc5 {[%emt 0:08:07] The position is equal.} 14. Qg3 Bxc3 ({Black should try} 14... O-O $15) 15. Qxc3 $11 ({Of course not} 15. Bxc3 Nce4 16. Qxg7 Rg8 17. Nxe6 Qe7 18. Bxf6 Nxf6 $17) 15... Na4 $2 {[%emt 0:13:01] [#]} (15... O-O $1 $11 {and Black has nothing to worry.}) 16. Qb4 $2 (16. Qg3 $1 $18 Ne4 (16... Nxb2 17. Qxg7) 17. Qxg7) 16... Nxb2 17. dxe6 O-O-O 18. Qxb2 {[%emt 0:00:52] exf7 is the strong threat.} Qc5 19. Rad1 fxe6 20. Kh1 e5 (20... Ne4 $14) 21. fxe5 $18 Qxe5 (21... Ne4 $142 22. e6 Rhf8) 22. Qxb6 $2 ({White should play} 22. c5 $18 {Threatens to win with c6.} bxc5 23. Rf5) 22... Rxd4 $1 $11 {[%emt 0:04:28][%mdl 64] Remove Defender} 23. Qxd4 Qxe2 {[%emt 0:00:09][%csl Gb7][%cal Re2g2] The board is on fire.} 24. Rf2 Qe6 {[%emt 0:05:28] Active counter play!} 25. c5 (25. Rb2 $15 Re8 26. Qc5+ Qc6 27. Qb4 (27. Qa7 Qc7 $15)) 25... Re8 $17 26. c6 Qxc6 27. Qf4 (27. Re2 $15) 27... Ne4 (27... Nd7 $2 28. Rc1 Nc5 29. Rfc2 $18) (27... Re4 $17 28. Qg5 Qd5 $1 29. Rc1+ Rc4 30. Rxc4+ Qxc4) 28. Rb2 $11 g5 29. Qf5+ Kb8 30. Rdb1 $1 Nd6 31. Qxh7 Ka8 $40 {[%emt 0:00:21][%mdl 128] Hoping for ...Qc3. Black mounts an attack.} 32. Qg6 $2 {[%emt 0:00:50] [#]} (32. Qd3 $15) 32... Qc3 $1 $19 {[%emt 0:00:31] ( -> ...Re1+)} 33. Qxe8+ Nxe8 34. Rxb7 {[%emt 0:00:06] Rb8+ would kill now.} Nd6 35. R7b6 Qd3 36. h3 Ka7 {[%emt 0:00:36] And now ...Nb5 would win.} 37. R6b3 Qd5 38. Rc1 a5 39. Rc7+ $2 (39. Rcb1) 39... Ka6 40. Rbc3 a4 (40... Ne4 $142 41. R3c4 Kb6) 41. R3c5 Qd2 {[%emt 0:04:52] White must now prevent ...Nb5.} 42. a3 $2 (42. R7c6+ Kb7 43. Rc1) 42... Nb5 43. R7c6+ Kb7 44. Rg6 Nxa3 45. Rgxg5 Nc2 {[%emt 0:10:54] Never resign too early!  Weighted Error Value: White=0.52/Black=0.42} 0-1

[Event "HSK IM Invitational 2022"]
[Site "Hamburg"]
[Date "2022.05.25"]
[Round "7.3"]
[White "Kotyk, Michael"]
[Black "Bracker, Arne"]
[Result "1/2-1/2"]
[ECO "D35"]
[WhiteElo "2170"]
[BlackElo "2276"]
[Annotator "TA"]
[PlyCount "102"]
[EventDate "2022.05.20"]
[EventType "tourn"]
[EventCountry "GER"]
[SourceTitle "playchess.com"]
[Source "ChessBase"]
[SourceQuality "1"]
[TimeControl "40/5400+30:1800+30"]

1. d4 Nf6 2. c4 e6 3. Nc3 d5 4. cxd5 exd5 5. Bg5 Bb4 6. Qa4+ {[%emt 0:01:06] D35: Queen's Gambit Declined: Exchange Variation.} Nc6 7. e3 h6 8. Bxf6 Qxf6 9. Bb5 O-O 10. Bxc6 Bxc3+ 11. bxc3 bxc6 12. Nf3 Qg6 13. O-O Bh3 {[%emt 0:02:25][%csl Gh3][%cal Rg6g2] [#]} 14. Nh4 (14. Ne1 $1 $11) 14... Qg5 $1 $15 15. Qxc6 Rae8 16. Qxc7 Qxh4 17. gxh3 Re6 18. Qf4 Qxh3 ({Much worse is} 18... Rg6+ 19. Kh1 Qxh3 20. Rg1 $11) 19. Kh1 $1 {[%emt 0:01:32] [#]} ({Not} 19. Qg3 $2 Rg6 20. Rae1 h5 $19) 19... Rf6 $146 {[%emt 0:01:36][%mdl 1024] Black has compensation.} ({Much weaker is} 19... Rg6 20. Rg1 $11) ({Predecessor:} 19... Rc8 20. Rg1 g5 21. Rac1 Kf8 22. Qg3 Qxg3 23. hxg3 Rec6 24. Kg2 Rxc3 25. Rxc3 Rxc3 {½-½ (44) Sahinoz,G (1919)-Fletcher,J (2015) England 2019}) 20. Qg3 Qf5 21. Rg1 g6 22. Rg2 Re8 23. Qc7 a6 24. Rc1 (24. c4 $15 {might be stronger.}) 24... Rc8 (24... h5 $17) 25. Qe5 Qf3 26. Kg1 Rxc3 27. Re1 (27. Rf1 $17 {was necessary.}) 27... Rc2 $36 {[%emt 0:04:17][%csl LRa2,LRf2][%cal Rc2f2,Bc3c2,Bc2a2,Ba2a1][%mdl 2080] Black is in control.} 28. Qg3 Rxa2 29. Qxf3 Rxf3 $17 {[%emt 0:00:01][%mdl 4096] Endgame KRR-KRR} 30. Rc1 (30. Kf1 $17) 30... a5 $19 {[%emt 0:02:45] ...a4 is the strong threat.} 31. h4 Rf6 32. Rc5 (32. Rc8+ $142 Kg7 33. h5) 32... Rd6 $2 (32... Ra6 $19 {is more deadly.} 33. Rg3 a4 34. Rc8+ Kg7) 33. f3 (33. h5 $17) 33... Ra1+ 34. Kf2 (34. Kh2 $17) 34... a4 35. Ra5 a3 (35... Re6 $19 {aiming for ...a3.} 36. f4 Ra2+ 37. Kg1 Rxg2+ 38. Kxg2 Rxe3 39. Rxd5 Rd3) 36. Kg3 ({Better is} 36. Rg1 $15 Ra2+ 37. Kg3) 36... Rb6 (36... Rc6 $17 37. Kf4 Kg7) 37. Rc2 $15 Rb3 (37... Re6 $17 38. Rc3 a2) 38. Kf4 (38. Ra7 $11 {remains equal.}) 38... Rh1 39. Ra2 Rxh4+ 40. Kg3 {[%emt 0:00:01] [#]} Rh1 ({Black should play} 40... Rh5 $1 $17 41. R2xa3 Rb2) 41. R2xa3 $11 Rb2 42. Rxd5 {[%emt 0:00:00] The position is equal.} g5 43. Kg4 Rf2 44. f4 $1 Rg1+ 45. Kf5 Kg7 46. Rd7 {[%emt 0:00:00] Hoping for Raa7.} gxf4 47. exf4 Rg6 48. Rxf7+ Kxf7 49. Ra7+ Ke8 50. Kxg6 {[%emt 0:00:00] Black must now prevent f5.} Rxf4 51. Kxh6 Rxd4 {[%emt 0:00:06] And White is the lucky defender.  Weighted Error Value: White=0.19 (very precise) /Black=0.17 (very precise)} 1/2-1/2

[Event "HSK IM Invitational 2022"]
[Site "Hamburg"]
[Date "2022.05.25"]
[Round "7.4"]
[White "Kopylov, Daniel"]
[Black "Hommer, Jeremy"]
[Result "1-0"]
[ECO "B17"]
[WhiteElo "2292"]
[BlackElo "2152"]
[Annotator "TA"]
[PlyCount "99"]
[EventDate "2022.05.20"]
[EventType "tourn"]
[EventCountry "GER"]
[SourceTitle "playchess.com"]
[Source "ChessBase"]
[SourceQuality "1"]
[TimeControl "40/5400+30:1800+30"]

1. e4 c6 2. d4 d5 3. Nc3 dxe4 4. Nxe4 Nd7 5. Nf3 Ngf6 6. Ng3 e6 7. Bd3 c5 8. O-O Be7 9. c4 O-O 10. b3 b6 11. Bb2 Bb7 12. Qe2 Re8 {[%emt 0:00:21] B17: Caro-Kann: Modern Line (4...Nd7).} 13. Rad1 Qc7 14. Ne5 cxd4 {[%emt 0:05:11] The position is equal.} 15. Bxd4 Nxe5 16. Bxe5 Qc6 17. f3 {[%emt 0:00:40] Active counter play!} Rad8 18. Kh1 Nd7 {[%emt 0:11:52] [#]} 19. Bb2 $146 ({Predecessor:} 19. Ba1 Qc5 20. Bd4 Qc7 21. Be4 Nf6 {½-½ (21) Ciric,D-Flohr,S Sochi 1965}) 19... Bf6 (19... Nf6 $11) 20. Be4 Qc7 {[%emt 0:01:25] [#]} 21. Rxd7 $1 Rxd7 (21... Qxd7 22. Bxf6 gxf6 23. Nh5 $16) 22. Bxf6 gxf6 23. Bxb7 Qxb7 24. Nh5 Red8 25. Nxf6+ Kf8 26. Nxd7+ Qxd7 $14 {[%emt 0:00:11][%mdl 4096] Endgame KQR-KQR} 27. Re1 Qd4 28. h3 Ke7 29. Qc2 h6 30. Qe2 Rd7 31. Rc1 Qd2 {[%emt 0:12:37] [#]} 32. Rc2 $1 Qd4 33. Qe1 Ke8 34. Kh2 Qc5 35. Qf2 Qe5+ 36. f4 Qe4 (36... Qd4 $16) 37. Re2 $18 Qf5 38. Re5 Qf6 39. Qe3 Kf8 40. c5 bxc5 41. Rxc5 Qb2 $2 {[%emt 0:09:58] A mistake that costs the game.} (41... Kg7 $16 42. Ra5 Qe7) 42. f5 {[%emt 0:05:48] Black must now prevent Rc8+.} Rd2 $2 (42... Qf6 43. Rc8+ Rd8 44. Rxd8+ Qxd8 45. Qxh6+ (45. fxe6 Qd6+ 46. g3 Qxe6 $18) 45... Kg8 46. fxe6 Qd6+ 47. g3 fxe6 48. Qg5+ Kh7) 43. Qxh6+ {[%emt 0:07:41] White is clearly winning.} Ke8 44. Qg5 {[%emt 0:00:22] White wants to mate with Rc8+.} Kd7 {[%emt 0:01:01] Prevents Rc8.} 45. fxe6+ fxe6 46. Ra5 (46. Qg8 $142 Qd4 47. Qc8+ Ke7 48. Rc7+ Kf6 49. Qf8+ Kg6 50. Qg8+ Kf5 51. Rf7+ Ke5 52. Qg3+ Kd5 53. Rd7+ Kc5 54. Rxd4 Rxd4 55. h4) 46... Qd4 {[%emt 0:02:53] [#]} 47. Rxa7+ $3 Kc6 48. Ra6+ Kd7 49. a4 Rd1 {[%emt 0:00:50] [#]} 50. Ra7+ $3 {[%emt 0:09:06][%mdl 512] Weighted Error Value: White=0.10 (very precise) /Black=0.39} 1-0

[Event "HSK IM Invitational 2022"]
[Site "Hamburg"]
[Date "2022.05.25"]
[Round "7.5"]
[White "Miezis, Normunds"]
[Black "Fischer, Daniel"]
[Result "1-0"]
[ECO "A29"]
[WhiteElo "2452"]
[BlackElo "2367"]
[Annotator "TA"]
[PlyCount "135"]
[EventDate "2022.05.20"]
[EventType "tourn"]
[EventCountry "GER"]
[SourceTitle "playchess.com"]
[Source "ChessBase"]
[SourceQuality "1"]
[TimeControl "40/5400+30:1800+30"]

1. c4 Nf6 2. Nc3 e5 3. Nf3 Nc6 4. g3 d5 5. cxd5 Nxd5 6. Bg2 Bc5 7. O-O O-O 8. d3 h6 9. Bd2 {[%emt 0:03:05][%cal Of3e5] A29: English Opening: Four Knights Variation with 4 g3.} Nf6 10. Rc1 Re8 11. a3 {[%emt 0:14:18] The position is equal.} a5 {[%emt 0:00:18] [#]} 12. Nh4 $146 ({Predecessor:} 12. Na4 Bd6 13. Be3 Rb8 14. Bc5 Bd7 15. Bxd6 cxd6 16. Nc3 b5 17. Nd2 b4 18. Nd5 Nxd5 19. Bxd5 {1-0 (49) Georgiev,K (2587)-Giri,A (2763) Chess.com INT 2020}) 12... Nd4 13. e3 Nf5 14. Nxf5 Bxf5 {[%emt 0:00:04] [#]} 15. Nd5 $1 Nd7 16. d4 Bd6 17. e4 Be6 18. dxe5 (18. Nxc7 $5 Bxc7 19. d5 $11) 18... Nxe5 19. Bc3 c6 20. Nf4 Bg4 21. f3 Bc8 22. Kh1 Bc7 23. Qc2 Qe7 24. Rfd1 Rd8 25. Rxd8+ Qxd8 26. Rd1 Qe7 27. Bd4 Rb8 (27... a4 $11) 28. Ba7 {[%emt 0:06:25][%cal Of4d5] Strongly threatening Nd5! White is more active.} Ra8 29. Bc5 Qe8 30. Bd4 Qe7 31. Qc3 a4 32. Nd3 Nxd3 33. Rxd3 Ba5 34. Qc2 Bc7 35. Bc5 Qf6 36. f4 Be6 37. Bd4 Qe7 38. Bc5 Qe8 39. Qd2 Rd8 40. Kg1 Rxd3 41. Qxd3 Qd7 42. Bf1 b6 43. Be3 c5 44. Kf2 Qc6 45. h4 Bd6 46. e5 Bf8 47. Bg2 Qc7 48. Qb5 Bd7 49. Qd3 Be6 50. f5 Bb3 51. Qe4 Qd7 52. g4 Qd1 {[%emt 0:01:51] Threatens to win with ...Qa1.} 53. g5 hxg5 54. hxg5 ({Much worse is} 54. Bxg5 Qa1 55. Qe2 c4 $15) 54... Qd7 (54... Bc2 $11 {should be considered.} 55. Qf4 (55. Bf3 $2 Qb1 $19) 55... Qd3) 55. Bh3 Qd5 56. Qf4 Qc4 (56... Qd3 $11) 57. Qxc4 $14 Bxc4 {[%emt 0:00:01][%mdl 4096] Endgame KBB-KBB} 58. Bf1 Bb3 (58... Bxf1 $1 $11 {keeps the balance.} 59. Kxf1 b5) 59. Bb5 ({Better is} 59. f6 $16) 59... Be7 {[%emt 0:00:54] [#]} (59... f6 $1 $11) 60. f6 $1 $16 gxf6 61. gxf6 Bd8 62. Kf3 Bc7 63. Bf4 {[%emt 0:00:28][%cal Oe5e6] Black must now prevent e6!} Bd8 64. Kg4 Bc2 (64... Kh8 $16 65. Kf3 Kh7) 65. Kg5 $2 (65. Bc4 $18) 65... Kh7 $2 (65... Bb3 $16) 66. Bc4 $2 (66. e6 fxe6 67. Bd6) 66... Bg6 $2 (66... Kg8 67. e6 fxe6 68. Bxe6+ Kf8) 67. Bg3 $18 Kg8 68. e6 {[%emt 0:00:15] Weighted Error Value: White=0.10 (very precise) /Black=0.17 (very precise)} 1-0

[Event "HSK IM Invitational 2022"]
[Site "Hamburg"]
[Date "2022.05.26"]
[Round "8.1"]
[White "Clarke, Brandon G I"]
[Black "Fischer, Daniel"]
[Result "1-0"]
[ECO "C67"]
[WhiteElo "2445"]
[BlackElo "2367"]
[Annotator "TA"]
[PlyCount "145"]
[EventDate "2022.05.20"]
[EventType "tourn"]
[EventCountry "GER"]
[SourceTitle "playchess.com"]
[Source "ChessBase"]
[SourceQuality "1"]
[TimeControl "40/5400+30:1800+30"]

1. e4 e5 2. Nf3 Nc6 3. Bb5 Nf6 4. O-O Nxe4 5. Re1 Nd6 6. Bf1 {[%emt 0:00:06] C67: Ruy Lopez: Berlin Defence: 4 0-0 Nxe4.} Be7 7. Nc3 $1 {[%emt 0:00:05][%mdl 4] Against e4 outshines the older 7.Nxe5.} O-O 8. d4 {[%emt 0:00:20] The position is equal.} e4 9. Nxe4 Nxe4 10. Rxe4 d5 11. Re1 Bf5 12. c3 {[%emt 0:00:20] [#]} Be4 $146 ({Predecessor:} 12... Bd6 13. Bb5 Re8 14. Bxc6 bxc6 15. Bg5 f6 16. Bh4 Qd7 17. Qd2 Be4 18. Qe3 Qf5 {0-1 (50) Seemann,J (2294)-Krivonosov,O (2362) Chess.com INT 2021}) 13. g3 Bf6 14. Nd2 Bf5 15. Bg2 Ne7 16. Nf1 {[%emt 0:01:25] Black must now prevent g4.} Nc8 17. h4 c6 18. Bf4 Qd7 19. Ne3 Be6 20. Bf3 Be7 21. Ng4 Bd6 22. Ne5 Qc7 23. h5 Nb6 24. b3 (24. Qd3 {keeps more tension.} Rae8 25. Bd1 Nc4 26. Bc2) 24... Rae8 25. Nd3 Bxf4 26. Nxf4 Bf5 27. h6 g6 28. Qd2 Qd6 29. g4 Bc8 30. Nd3 f6 31. Kg2 Kf7 32. Re3 Re6 33. Rae1 Rfe8 34. Qc2 Kg8 35. Qc1 Kf7 36. Nf4 R6e7 (36... Qxf4 $2 37. Rxe6 Qxc1 38. Rxe8 Qxe1 39. Rxe1 $18) 37. R1e2 Bd7 38. Qe1 Nc8 39. Nd3 Nb6 40. a4 a5 (40... Nc8 $11) 41. Qh1 (41. Rxe7+ $14 Rxe7 42. Rxe7+ Qxe7 43. Qd2) 41... Bc8 42. Qh4 Nd7 43. g5 Rxe3 44. fxe3 f5 (44... fxg5 {is interesting.} 45. Qxg5 Kg8 46. e4 dxe4 47. Rxe4 Rxe4 48. Bxe4 Nf6) 45. Qf4 (45. Qg3 {seems wilder.} Qa3 46. Nc5 Nxc5 47. Qd6) 45... Qxf4 46. Nxf4 Ke7 47. Kf2 {[%emt 0:00:00] 0x0.0024a8b6866bdp-1022s more active pieces.} Kd6 48. c4 dxc4 49. bxc4 b6 50. Rc2 Ba6 $1 51. Nd3 {[%emt 0:00:00] And now c5+ would win.} Kc7 52. Rc3 Nf8 53. Nf4 Nd7 $1 54. Ke2 Kd6 55. Kd2 Re7 {[%emt 0:00:00] White now steadily converts the win.} 56. Nd3 {[%emt 0:00:00] aiming for c5+.} c5 (56... Kc7 $16 {is a better defense.}) 57. Nf4 $18 Re8 {[%emt 0:00:00] [#]} 58. Rc1 (58. Bd5 $1 $18 {is the precise move to win.}) 58... Rc8 {[%emt 0:00:00] [#]} (58... Rb8 $16) 59. Kd3 (59. Bd5 $1 $18 {and the rest is easy.}) 59... Rd8 (59... Rb8 $16) 60. Rb1 Rc8 (60... Rb8 {was necessary.} 61. Rb2 Bc8) 61. Bd5 {[%emt 0:00:38] Strongly threatening Be6.} Re8 $2 {[%emt 0:00:00] Prevents Be6.} (61... Rb8 {was worth a try.} 62. Rb3 Re8) 62. Bf7 Rc8 63. Be6 {[%emt 0:01:15] Bxd7 is the strong threat.} cxd4 64. exd4 Rb8 $2 (64... Ke7 65. Re1 Kd6) 65. Bxd7 Kxd7 {[%emt 0:00:02][%mdl 4096] Endgame KRB-KRN} 66. Nd5 Kc6 67. Re1 Rd8 {[%emt 0:00:53] Threatens to win with ...Rxd5.} 68. Re6+ Rd6 69. Ne7+ Kd7 70. Rxd6+ Kxd6 {[%emt 0:00:05] [#]} 71. Nxg6 $1 Bb7 {[%emt 0:00:54] [#]} (71... f4 72. Nxf4) 72. d5 $1 {[%emt 0:00:25] Hoping for Nf4.} Bc8 (72... b5 73. Nf4) 73. Nf4 {[%emt 0:00:44] Weighted Error Value: White=0.13 (very precise) /Black=0.17 (very precise)} 1-0

[Event "HSK IM Invitational 2022"]
[Site "Hamburg"]
[Date "2022.05.26"]
[Round "8.2"]
[White "Hommer, Jeremy"]
[Black "Miezis, Normunds"]
[Result "1/2-1/2"]
[ECO "B22"]
[WhiteElo "2152"]
[BlackElo "2452"]
[Annotator "TA"]
[PlyCount "101"]
[EventDate "2022.05.20"]
[EventType "tourn"]
[EventCountry "GER"]
[SourceTitle "playchess.com"]
[Source "ChessBase"]
[SourceQuality "1"]
[TimeControl "40/5400+30:1800+30"]

1. e4 c5 2. Nf3 e6 3. c3 d5 4. exd5 exd5 5. d4 Nc6 6. Bb5 Bd6 7. dxc5 Bxc5 8. O-O {[%emt 0:00:12] B22: Sicilian: 2 c3.} Nf6 9. Bg5 Be7 10. Nbd2 {[%emt 0:15:55][%cal Bb1d2,Bd2b3,Bb3d4][%mdl 32] White is slightly better.} (10. Ne5 {looks sharper.} Qc7 11. Re1 Be6 12. Qa4) 10... O-O 11. Nb3 h6 12. Bh4 {[%emt 0:00:35] [#]} a6 $146 ({Predecessor:} 12... Bg4 13. h3 Bh5 14. Re1 Ne4 15. Bxe7 Nxe7 16. Nbd4 Qb6 17. Bd3 Qxb2 18. Bxe4 dxe4 19. Rxe4 {0-1 (29) Berglitz,R (2103)-Gayson,P (2259) Sunningdale 2008}) 13. Bxc6 bxc6 14. Nbd4 Qc7 15. Qc2 Re8 16. Rfe1 Ne4 17. Bxe7 Rxe7 18. c4 Bg4 (18... Qb7 $11) 19. Rac1 (19. cxd5 $16 cxd5 20. Qxc7 Rxc7 21. Ne5) 19... Bxf3 20. Nxf3 {[%emt 0:02:24] [#] aiming for cxd5.} Qb6 21. cxd5 cxd5 22. Red1 Rae8 23. Nd4 Qf6 24. b3 Re5 25. f3 Ng5 26. Qc6 {[%emt 0:05:22] [#] Qxf6 is the strong threat.} Qf4 27. Qxa6 Ne6 28. Nxe6 R8xe6 (28... R5xe6 $11 29. Qd3 Re3) 29. Qd3 $14 Rg6 (29... g6 $14) 30. Rc2 Re3 31. Qxd5 ({Avoid the trap} 31. Rc8+ $2 Kh7 32. Qd2 Qxf3 $19) 31... Rxf3 32. Rcd2 Qe3+ 33. Kh1 {[%emt 0:00:00] Dancing on a razor blade.} Rf4 34. Qd3 ({White should try} 34. h3 $16) 34... Qe5 (34... Qxd3 $11 {remains equal.} 35. Rxd3 Re4) 35. Qd5 (35. g3 $16 Re4 36. Qd5) 35... Rgf6 36. g3 (36. Qxe5 $2 {leads to mate.} Rf1+ 37. Rxf1 Rxf1#) 36... Rf1+ $1 37. Rxf1 Rxf1+ $11 {[%emt 0:00:04][%mdl 4096] Endgame KQR-KQR} 38. Kg2 Qe1 39. Qd8+ Kh7 40. Qd3+ f5 (40... g6 $1 $14) 41. Qxf1 ({Better is} 41. a4 $16) 41... Qxd2+ $16 {[%emt 0:30:08] KQ-KQ. The position is equal.} 42. Qf2 Qd5+ 43. Kf1 Qe4 44. h4 g5 45. hxg5 hxg5 46. Kg1 Kg6 47. Qg2 {[%emt 0:00:00] And now Qxe4 would win.} Qd4+ 48. Kh2 Qh8+ 49. Kg1 {[%emt 0:00:00] Black must now prevent Qc6+.} Qa1+ 50. Kh2 Qh8+ 51. Kg1 {[%emt 0:00:00] Weighted Error Value: White=0.18 (very precise) /Black=0.17 (very precise)} 1/2-1/2

[Event "HSK IM Invitational 2022"]
[Site "Hamburg"]
[Date "2022.05.26"]
[Round "8.3"]
[White "Bracker, Arne"]
[Black "Kopylov, Daniel"]
[Result "0-1"]
[ECO "B51"]
[WhiteElo "2276"]
[BlackElo "2292"]
[Annotator "TA"]
[PlyCount "134"]
[EventDate "2022.05.20"]
[EventType "tourn"]
[EventCountry "GER"]
[SourceTitle "playchess.com"]
[Source "ChessBase"]
[SourceQuality "1"]
[TimeControl "40/5400+30:1800+30"]

1. e4 c5 2. Nf3 Nc6 3. Bb5 d6 4. O-O Bd7 5. Re1 Nf6 6. c3 a6 7. Bf1 Bg4 8. d4 cxd4 9. cxd4 e5 {[%emt 0:09:24] B51: Sicilian: Moscow Variation (3 Bb5+) without 3...Bd7.} 10. Be3 Bxf3 (10... Nxe4 $2 11. d5 $18) 11. gxf3 {[%emt 0:01:01] [#]} g6 $146 {[%emt 0:02:34] White has an edge.} ({Predecessor:} 11... exd4 12. Bxd4 Be7 13. Nc3 Nxd4 14. Qxd4 O-O 15. Rad1 Qa5 16. e5 dxe5 17. Rxe5 Qc7 {½-½ (66) Vedmediuc,S (2454)-Kuzubov,Y (2639) Bucharest 2022}) 12. d5 $1 Ne7 (12... Nd4 $16 {might work better.}) 13. a4 Bg7 14. Qb3 Qd7 15. Nd2 O-O 16. Nc4 {[%emt 0:01:39] Black must now prevent Nb6.} Rab8 (16... Nc8 $142) 17. Nb6 $36 {[%emt 0:04:49][%mdl 2048] White has strong initiative.} Qd8 18. Bh3 Nh5 (18... Kh8 $16 19. Qb4 Neg8) 19. Nd7 $18 Nf4 20. Bxf4 (20. Nxb8 Nxh3+ 21. Kg2 Nxf2) 20... exf4 21. Nxb8 Qxb8 22. Qb6 g5 23. Rac1 Ng6 24. Bg4 Bf6 25. Qc7 Bxb2 26. Qxb8 Rxb8 27. Rc8+ Rxc8 28. Bxc8 $16 {[%emt 0:00:05][%mdl 4096] Endgame KRB-KBN} b5 29. Rb1 ({Weaker is} 29. Bxa6 bxa4 30. e5 Nxe5 $17) 29... Bc3 30. Rc1 ({Much less strong is} 30. Bxa6 bxa4 31. Rc1 Bb2 $14) 30... Bb4 31. axb5 ({Don't do} 31. Bxa6 bxa4 32. Rc4 Bc5 $18) 31... axb5 32. Rb1 Bc5 33. Rxb5 Ne5 34. Kg2 Nd3 35. Rb1 Kg7 36. Ba6 Ne5 37. h3 Kg6 38. Rb8 Kg7 39. Bc8 Nd3 40. Rb1 {[%emt 0:02:28] Inhibits Ne1+.} Kg6 41. Bf5+ Kg7 42. Rd1 Ne5 43. h4 h6 44. h5 Kf6 45. Bg4 Kg7 46. Kf1 Kf6 47. Ke2 Kg7 48. Rb1 Kf6 49. Rb7 Kg7 50. Rb8 Kf6 51. Rg8 Bd4 52. Bf5 Ke7 53. Rc8 Bb2 54. Rh8 Nd7 55. Ra8 {[%emt 0:03:30] Hoping for Ra7.} Ne5 56. Ra4 Bc3 57. Bg4 Kf6 58. Kd1 Ke7 59. Kc2 (59. Ra8 $142) 59... Be1 60. Ra8 Bxf2 61. Rh8 Bd4 62. Rxh6 $2 {[%emt 0:00:02][%mdl 8192] [#] Loses the game.} (62. Rc8 $16) 62... Nxg4 {[%emt 0:00:48] Black mates.} 63. fxg4 {[%emt 0:00:04] KR-KB} Be5 64. Rh7 Kf8 65. h6 Kg8 {[%emt 0:00:14][%mdl 64] [#] Trapped Piece} 66. Rg7+ Bxg7 67. hxg7 f6 {[%emt 0:00:32] Weighted Error Value: White=0.05 (flawless) /Black=0.08 (flawless)} 0-1